 Dungeon Crawl Stone Soup version 0.23-a0-241-g3b46b07 (webtiles) character file.

385641 namelastname112 the Unseen (level 21, -15/193 HPs)
             Began as a Red Draconian Assassin on Sept 27, 2018.
             Was the Champion of Ru.
             Demolished by a juggernaut (60 damage)
             ... on level 2 of the Depths.
             The game lasted 01:45:35 (57713 turns).

namelastname112 the Unseen (DrAs)                  Turns: 57713, Time: 01:45:36

Health: -15/193    AC: 19    Str: 13    XL:     21   Next: 99%
Magic:  46/46      EV: 29    Int: 10    God:    Ru [******]
Gold:   3217       SH:  6    Dex: 21    Spells: 37/45 levels left

rFire    + + +     SeeInvis +   c - +12 Vampire's Tooth {vamp}
rCold    + + .     Gourm    .   t - +0 buckler
rNeg     . . .     Faith    .   (armour unavailable)
rPois    +         Spirit   .   k - +2 hat
rElec    .         Reflect  .   U - +1 cloak {rPois}
rCorr    .         Harm     .   W - +0 pair of gloves
MR       +....                  F - +2 pair of boots of Ocojociu {SInv Stlth+}
Stlth    ++++++++..             C - amulet of Fedhas's Whim {+Rage rF++ SInv}
HPRegen  0.42/turn              N - ring "Robbif" {rC+ EV+4 Str-2 Slay+2}
MPRegen  0.30/turn              V - ring "Buitwica" {rC+ MP+9 Slay+4}

@: exhausted, drained
A: breathe fire, unfitting armour, dopey 1, fire resistance 1, cold-blooded,
inability to use devices, hated by all, no charms magic, no ice magic, no
necromancy magic, inexperienced 1, AC +11
}: 2/15 runes: decaying, serpentine
a: Breathe Fire, Draw Out Power, Power Leap, Apocalypse, Renounce Religion


You were on level 2 of the Depths.
You worshipped Ru.
Ru was exalted by your worship.
You were hungry.

You visited 9 branches of the dungeon, and saw 41 of its levels.
You visited the Abyss 1 time.
You visited 1 bazaar.
You also visited: Sewer, Ossuary and Ice Cave.

You collected 5895 gold pieces.
You spent 2678 gold pieces at shops.

Inventory:

Hand Weapons
 b - a +8 blowgun
 c - the +12 Vampire's Tooth (weapon) {vamp}
   (You found it on level 1 of the Depths)

   It inflicts no extra harm, but heals its wielder when it wounds a living foe.
 w - a +0 demon trident
 M - the +7 captain's cutlass {speed, disarm}
   (You found it on level 15 of the Dungeon)

   Attacks with this weapon are significantly faster.
Missiles
 d - 125 poisoned needles
 e - 9 curare-tipped needles
 J - 22 needles of confusion
 P - 5 throwing nets (quivered)
 R - 7 needles of frenzy
Armour
 k - a +2 hat (worn)
 t - a +0 buckler (worn)
 F - the +2 pair of boots of Ocojociu (worn) {SInv Stlth+}
   (You acquired it on level 2 of the Snake Pit)

   It lets you see invisible.
   It makes you more stealthy.
 U - a +1 cloak of poison resistance (worn)
 W - a +0 pair of gloves (worn)
Jewellery
 s - the ring "Giokevu" {rPois rF+ Slay+3}
   (You found it on level 3 of the Vaults)

   [ring of protection from fire]

   It affects your accuracy and damage with ranged weapons and melee attacks
   (+3).
   It protects you from fire.
   It protects you from poison.
 v - a +4 ring of intelligence {unknown}
 B - a +2 ring of intelligence {unknown}
 C - the amulet of Fedhas's Whim (around neck) {+Rage rF++ SInv}
   (You bought it in a shop on level 2 of the Orcish Mines)

   [amulet of rage]

   It greatly protects you from fire.
   It lets you see invisible.
   It lets you go berserk.
 G - a +2 ring of dexterity
 K - an uncursed ring of wizardry
 N - the ring "Robbif" (left hand) {rC+ EV+4 Str-2 Slay+2}
   (You bought it in a shop on level 2 of the Orcish Mines)

   [ring of evasion]

   It affects your evasion (+4).
   It affects your strength (-2).
   It affects your accuracy and damage with ranged weapons and melee attacks
   (+2).
   It protects you from cold.
 V - the ring "Buitwica" (right hand) {rC+ MP+9 Slay+4}
   (You found it on level 3 of the Elven Halls)

   [ring of magical power]

   It affects your accuracy and damage with ranged weapons and melee attacks
   (+4).
   It protects you from cold.
   It affects your magic capacity (+9).
Scrolls
 a - 3 scrolls of silence
 g - a scroll of magic mapping
 i - 5 scrolls of fog
 j - 6 scrolls of blinking
 m - 8 scrolls of enchant armour
 p - 20 scrolls of remove curse
 y - 11 scrolls of teleportation
 D - a scroll of torment {unknown}
 E - 12 scrolls of amnesia
 I - 14 scrolls of identify
 L - 3 scrolls of fear
 S - 3 scrolls of immolation
 Y - a scroll of holy word
Potions
 h - 2 potions of cancellation
 l - 6 potions of magic
 n - 7 potions of haste
 o - 7 potions of invisibility
 q - 19 potions of curing
 r - 4 potions of might
 u - 5 potions of brilliance
 x - 8 potions of agility
 z - 6 potions of ambrosia
 A - 9 potions of mutation
 H - 2 potions of resistance
 O - 8 potions of heal wounds
 Q - 2 potions of flight
 Z - 2 potions of berserk rage
Comestibles
 f - 51 rations


   Skills:
 - Level 17.8(17.4) Fighting
 - Level 17.7(17.3) Short Blades
 - Level 10.6(10.2) Throwing
 - Level 15.2(14.7) Dodging
 - Level 18.0(17.5) Stealth
 - Level 4.0(3.6) Shields
 + Level 12.9(12.5) Spellcasting
 + Level 12.9(12.5) Hexes


You had 37 spell levels left.
You knew the following spells:

 Your Spells              Type           Power        Failure   Level  Hunger
a - Invisibility          Hex            ####....     10%         6    #######
b - Blink                 Tloc           N/A          17%         2    None

Your spell library contained the following spells:

 Spells                   Type           Power        Failure   Level  Hunger
 Confusing Touch          Hex            ####..       1%          1    None
 Corona                   Hex            ####...      1%          1    None
 Slow                     Hex            ####....     1%          2    None
 Confuse                  Hex            ####....     1%          3    ##.....
 Tukima's Dance           Hex            ####....     1%          3    ##.....
 Cause Fear               Hex            ####......   1%          4    ####...
 Dazzling Spray           Conj/Hex       ###...       2%          3    ##.....
 Inner Flame              Hex/Fire       ###.....     2%          3    ##.....
 Portal Projectile        Hex/Tloc       ###...       2%          3    ##.....
 Fulminant Prism          Conj/Hex       ###.......   9%          4    ####...
 Leda's Liquefaction      Hex/Erth       ###.......   9%          4    ####...
 Darkness                 Hex            ####......   10%         6    #######
 Apportation              Tloc           #.....       11%         1    None
 Beastly Appendage        Tmut           #.....       11%         1    None
 Flame Tongue             Conj/Fire      #....        11%         1    None
 Magic Dart               Conj           #...         11%         1    None
 Sandblast                Erth           #.....       11%         1    None
 Shock                    Conj/Air       #...         11%         1    None
 Passwall                 Tmut/Erth      #.......     17%         2    None
 Poisonous Vapours        Pois/Air       #.....       17%         2    None
 Searing Ray              Conj           #.....       17%         2    None
 Sticks to Snakes         Tmut           #.......     17%         2    None
 Throw Flame              Conj/Fire      #.....       17%         2    None
 Silence                  Hex/Air        ###.......   24%         5    #####..
 Yara's Violent Unravell  Hex/Tmut       ###.......   24%         5    #####..
 Conjure Flame            Conj/Fire      #.......     32%         3    ##.....
 Gell's Gravitas          Tloc           #.........   32%         3    ##.....
 Ignite Poison            Fire/Tmut/Pois #.......     32%         3    ##.....
 Lesser Beckoning         Tloc           #.........   32%         3    ##.....
 Mephitic Cloud           Conj/Pois/Air  #.......     32%         3    ##.....
 Spider Form              Tmut/Pois      #.........   32%         3    ##.....
 Force Lance              Conj/Tloc      #.......     73%         4    ####...
 Iskenderun's Mystic Bla  Conj           #.......     73%         4    ####...
 Petrify                  Tmut/Erth      #.......     73%         4    ####...
 Sticky Flame             Conj/Fire      #.......     73%         4    ####...
 Alistair's Intoxication  Tmut/Pois      #.......     97%         5    #####..
 Aura of Abjuration       Summ           #.........   97%         5    #####..
 Blade Hands              Tmut           #.........   97%         5    #####..
 Bolt of Magma            Conj/Fire/Erth #.........   97%         5    #####..
 Fireball                 Conj/Fire      #.........   97%         5    #####..
 Irradiate                Conj/Tmut      #.........   97%         5    #####..
 Discord                  Hex            ####......   99%         8    #######
 Conjure Ball Lightning   Conj/Air       #.........   100%        6    #######
 Hydra Form               Tmut           #.........   100%        6    #######
 Statue Form              Tmut/Erth      #........    100%        6    #######
 Dragon Form              Tmut           #.........   100%        7    #######
 Tornado                  Air            #.........   100%        9    #######
 Ensorcelled Hibernation  Hex/Ice        Unusable     N/A         2    N/A
 Animate Skeleton         Necr           Unusable     N/A         1    N/A
 Summon Butterflies       Summ           Unusable     N/A         1    N/A
 Summon Small Mammal      Summ           Unusable     N/A         1    N/A
 Call Imp                 Summ           Unusable     N/A         2    N/A
 Sublimation of Blood     Necr           Unusable     N/A         2    N/A
 Metabolic Englaciation   Hex/Ice        Unusable     N/A         5    N/A
 Summon Mana Viper        Hex/Summ       Unusable     N/A         5    N/A
 Call Canine Familiar     Summ           Unusable     N/A         3    N/A
 Recall                   Summ/Tloc      Unusable     N/A         3    N/A
 Regeneration             Chrm/Necr      Unusable     N/A         3    N/A
 Vampiric Draining        Necr           Unusable     N/A         3    N/A
 Animate Dead             Necr           Unusable     N/A         4    N/A
 Ice Form                 Ice/Tmut       Unusable     N/A         4    N/A
 Summon Ice Beast         Ice/Summ       Unusable     N/A         4    N/A
 Summon Lightning Spire   Summ/Air       Unusable     N/A         4    N/A
 Throw Icicle             Conj/Ice       Unusable     N/A         4    N/A
 Borgnjor's Vile Clutch   Necr/Erth      Unusable     N/A         5    N/A
 Summon Demon             Summ           Unusable     N/A         5    N/A
 Summon Forest            Summ/Tloc      Unusable     N/A         5    N/A
 Bolt of Cold             Conj/Ice       Unusable     N/A         6    N/A
 Deflect Missiles         Chrm/Air       Unusable     N/A         6    N/A
 Freezing Cloud           Conj/Ice/Air   Unusable     N/A         6    N/A
 Ozocubu's Refrigeration  Ice            Unusable     N/A         6    N/A
 Shadow Creatures         Summ           Unusable     N/A         6    N/A
 Simulacrum               Ice/Necr       Unusable     N/A         6    N/A
 Ring of Flames           Chrm/Fire      Unusable     N/A         7    N/A
 Spellforged Servitor     Conj/Summ      Unusable     N/A         7    N/A
 Summon Hydra             Summ           Unusable     N/A         7    N/A

Dungeon Overview and Level Annotations

Branches:
Dungeon (15/15)            Temple (1/1) D:6            Lair (6/6) D:11
  Swamp (4/4) Lair:2        Snake (4/4) Lair:3        Slime (0/5) Lair:6
    Orc (2/2) D:9             Elf (3/3) Orc:2        Vaults (4/5) D:14
  Crypt (0/3) Vaults:2     Depths (2/5) D:15

Altars:
Ashenzari
Cheibriados
Dithmenos
Elyvilon
Fedhas
Gozag
Hepliaklqana
Makhleb
Okawaru
Qazlal
Ru
Sif Muna
Trog
Uskayaw
Vehumet
Wu Jian
Xom
Yredelemnul
The Shining One

Shops:
D:9 [[   Orc:1 !   Orc:2 =([([   Snake:1 ?   Snake:2 [   Vaults:3 [?
Depths:1 [

Portals:
Hell: Depths:1
Pandemonium: Depths:1
Trove: Vaults:4 (give +7 demon trident)

Annotations:
D:13 2 runed doors, mandick's ghost, journeyman DEIE
D:15 exclusion: Roxanne, Roxanne
Lair:6 exclusion: oklob plant
Elf:2 3 runed doors
Depths:1 3 runed doors, Elum's ghost, veteran MiBe


Innate Abilities, Weirdness & Mutations

You can breathe blasts of fire.
Your fiery red scales are hard. (AC +11)
You cannot fit into any form of body armour.
You are dopey. (Int -2)
Your flesh is heat resistant. (rF+)
You are cold-blooded and may be slowed by cold attacks.
You cannot study or use magical devices.
You are hated by all.
You cannot study or cast Charms magic.
You cannot study or cast Ice magic.
You cannot study or cast Necromancy magic.
You are somewhat inexperienced. (-2 XL)


Message History

You are restored by drawing out deep reserves of power within.
You feel drained.
You regained 41 hp, and now have 118/193 hp.
You puncture the juggernaut!
You feel better.
You tail-slap the juggernaut, but do no damage.
The juggernaut is severely wounded.
You regained 12 hp, and now have 130/193 hp.
You hit the juggernaut but do no damage.
The juggernaut is severely wounded.
You are feeling hungry.
You hit the juggernaut.
You feel better.
The juggernaut is severely wounded.
You regained 3 hp, and now have 133/193 hp.
You swing at nothing.
The juggernaut hits you!!! The juggernaut hits you!!
* * * LOW HITPOINT WARNING * * *
You hear a deafening roar!
You take 89 damage, and have 44/193 hp.
MASSIVE DAMAGE!!
The juggernaut hits you!!!
You die...

#C# ###.####.... #.#
#.....###... #.#
###...####.#.
###C#####.##.##.####.
#.....#.##.#[#.##.#..
#.###.#..##.))##..##.
#.###.......#.....##.
#.X##.#..##...##..##.
##CC@.#.##.#.#.##.##.
########.##.##.####.
#).######...####...
#.##.###.....###.#.
#.#....#######.....
#.#......###...#..#
#....##......###...
#.#......##########
#.#....####..#.....


You could see 2 juggernauts and a tentacled monstrosity.

Vanquished Creatures
  Mennas (Vaults:4)
  A juggernaut (Depths:1)
  Frederick (Vaults:3)
  A caustic shrike (Depths:2)
  Saint Roka (Vaults:4)
  The ghost of Laibby the Earth Mage, an adept OpEE of Vehumet (Vaults:3)
  The ghost of Pyagrit the Warrior, an adept OgMo of Ashenzari (Vaults:3)
  A tentacled monstrosity (Vaults:4)
  2 deep elf blademasters (Elf:3)
  2 deep elf master archers (Elf:3)
  An acid blob (shapeshifter) (Depths:2)
  3 sphinxes
  A tentacled starspawn (Abyss:2)
  Agnes (Snake:2)
  A storm dragon (Vaults:3)
  A tengu reaver (Depths:1)
  8 nagarajas
  6 frost giants
  11 vault wardens
  An iron dragon (Depths:2)
  3 fire giants
  A ghost moth (shapeshifter) (D:15)
  2 deep elf sorcerers (Elf:3)
  A deep elf elementalist (Elf:3)
  7 ironheart preservers
  8 stone giants
  2 entropy weavers
  7 vampire knights
  15 very ugly things
  A purple draconian (Abyss:2)
  6 deep elf demonologists
  5 deep elf annihilators (Elf:3)
  2 green deaths (Swamp:4)
  5 ettins
  A crystal guardian (Vaults:1)
  An eidolon (Vaults:2)
  7 deep elf death magi
  A deep elf high priest (Elf:3)
  5 yaktaur captains
  6 fire dragons
  2 death oozes (Swamp:4)
  11 hydras
  12 naga warriors
  6 ice dragons
  8 great orbs of eyes
  Harold (D:7)
  15 vault guards
  2 hell beasts
  5 rakshasas
  11 centaur warriors
  A spriggan air mage (Depths:2)
  33 two-headed ogres
  A shambling mangrove (Swamp:4)
  An anaconda (shapeshifter) (Vaults:3)
  4 catoblepae (Lair:6)
  12 ogre magi
  2 death knights
  10 dancing weapons
  5 anacondas
  4 deep troll shamans
  17 death yaks
  5 deep troll earth magi
  4 tengu warriors
  4 spriggan berserkers (Depths:2)
  4 thrashing horrors
  21 alligators
  5 orc high priests
  7 shock serpents
  2 vampire magi (Depths:1)
  19 deep elf knights
  14 naga sharpshooters
  A sun demon (Depths:1)
  A shadow wraith (Vaults:1)
  3 large abominations
  3 hell knights (Depths:2)
  A fire crab (shapeshifter) (Elf:1)
  4 flayed ghosts
  8 deep trolls (Vaults:2)
  7 skeletal warriors (Vaults:1)
  6 unseen horrors
  A storm dragon skeleton (Vaults:2)
  2 sea snakes (Snake:2)
  9 swamp dragons
  3 glowing orange brains
  14 deep elf archers
  A spriggan druid (Swamp:2)
  20 ironbrand convokers
  6 wizards
  5 naga ritualists
  4 harpies
  A wolf spider zombie (D:12)
  28 ugly things
  14 necromancers
  20 orc knights
  13 orc sorcerers
  11 mana vipers
  45 deep elf magi
  3 wolf spiders
  An oklob plant (D:11)
  2 manticores (Lair:6)
  A frost giant zombie (Vaults:3)
  A faun (shapeshifter) (Elf:2)
  9 cyclopes
  9 salamanders
  7 elephants
  Maurice (D:11)
  8 vault sentinels
  17 black mambas
  A centaur zombie (D:12)
  4 guardian serpents
  An ice statue (IceCv)
  10 spiny frogs
  17 naga magi
  3 centaur skeletons
  Psyche (D:8)
  A rime drake (shapeshifter) (Vaults:1)
  7 freezing wraiths
  31 yaktaurs
  3 orange demons
  4 komodo dragons
  5 rime drakes
  A tengu conjurer (D:14)
  An efreet (D:14)
  A hellwing (Abyss:2)
  A red devil (Depths:1)
  3 meliai (D:15)
  5 hornets
  A jumping spider (shapeshifter) (Vaults:2)
  5 trolls
  21 polar bears (IceCv)
  A wolf spider simulacrum (D:15)
  8 tyrant leeches
  A raiju (shapeshifter) (Vaults:2)
  24 slime creatures
  14 blink frogs
  10 bog bodies
  An ettin zombie (Vaults:3)
  12 hippogriffs
  10 dream sheep
  A meliai zombie (D:9)
  5 starcursed masses (Abyss:2)
  8 shadows
  11 redbacks
  An air elemental (Elf:3)
  3 water elementals
  2 tarantellas (Vaults:4)
  7 wraiths
  4 wyverns
  A tyrant leech zombie (Swamp:4)
  2 vampires
  A ynoxinul (Abyss:2)
  A redback (shapeshifter) (Depths:2)
  2 basilisks
  3 fire elementals
  24 humans
  A steam dragon (Lair:6)
  2 chaos spawn (Depths:1)
  4 hungry ghosts
  72 yaks
  A golden eye (shapeshifter) (Vaults:2)
  3 vampire mosquitoes (Swamp:2)
  4 small abominations
  8 wargs
  A soldier ant (D:12)
  20 swamp worms
  3 insubstantial wisps (Swamp:3)
  2 acid dragons
  55 nagas
  8 porcupines
  19 water moccasins
  A hornet zombie (D:13)
  A swamp drake (Swamp:3)
  4 ice beasts
  39 orc warriors
  An eye of draining (Abyss:2)
  A black bear (D:9)
  21 ogres
  3 phantoms
  4 sky beasts
  A necrophage (D:12)
  A swamp dragon zombie (Swamp:4)
  An ogre (shapeshifter) (Elf:3)
  3 human skeletons
  15 wolves (IceCv)
  21 centaurs
  11 crocodiles
  A big kobold (D:13)
  3 elf zombies
  A human zombie (Vaults:2)
  14 bullfrogs
  2 gnoll sergeants
  A water moccasin zombie (Swamp:4)
  A wyvern zombie (D:14)
  4 earth elementals
  3 scorpions
  3 killer bees (D:10)
  5 wights
  7 electric eels
  2 howler monkeys (D:8)
  12 crimson imps
  2 bullfrog zombies
  4 quasits
  7 hounds
  7 jellies
  Crazy Yiuf (D:5)
  19 orc priests
  A hound (shapeshifter) (Vaults:4)
  23 orc wizards
  Jessica (D:3)
  5 bullfrog skeletons
  An iguana (D:7)
  8 worker ants
  A hound zombie (D:5)
  A hound skeleton (D:6)
  A howler monkey zombie (D:7)
  A mummy (Ossuary)
  3 worker ant zombies
  9 gnolls
  A swamp drake zombie (Swamp:4)
  11 adders
  5 shadow imps
  A white imp (Depths:1)
  3 oozes (Lair:6)
  An adder zombie (D:9)
  3 worms
  6 dart slugs
  7 leopard geckos
  92 orcs
  4 ball pythons
  7 bats
  5 giant cockroaches
  10 goblins
  4 hobgoblins
  14 jackals
  19 kobolds
  6 quokkas
  6 frilled lizards
  6 gnoll skeletons (Ossuary)
  A jackal zombie (D:6)
  5 kobold skeletons (Ossuary)
  13 orc skeletons (Ossuary)
  A quokka zombie (D:5)
  6 rats
  A fungus (D:6)
  A plant (D:11)
1678 creatures vanquished.

Vanquished Creatures (collateral kills)
  Kirke (Snake:4)
  A naga (Snake:4)
2 creatures vanquished.

Vanquished Creatures (others)
  A frost giant (Depths:2)
  An ettin (Depths:2)
  A spriggan air mage (Depths:2)
  A naga sharpshooter (Snake:4)
  An orc sorcerer (D:15)
  2 elephants (Lair:6)
  A vault sentinel (Vaults:3)
  A black mamba (Snake:4)
  A yaktaur (Vaults:1)
  A yaktaur (shapeshifter) (Depths:2)
  A komodo dragon (Lair:6)
  A hydra zombie (Swamp:4)
  A tyrant leech (Swamp:4)
  A bog body (Swamp:2)
  A slime creature (Swamp:2)
  2 humans (D:14)
  An acid dragon (D:13)
  A porcupine (Lair:5)
  An orc wizard (Orc:2)
  A gnoll (D:10)
  9 orcs
  2 fungi
  A plant (Lair:6)
  3 starspawn tentacles (Abyss:2)
37 creatures vanquished.

Grand Total: 1717 creatures vanquished

Notes
Turn   | Place    | Note
-------+----------+-------------------------------------------
     0 | D:1      | namelastname112 the Draconian Assassin began the quest for
                  | the Orb.
     0 | D:1      | Reached XP level 1. HP: 17/17 MP: 1/1
    44 | D:1      | Reached skill level 1 in Dodging
    59 | D:1      | Reached XP level 2. HP: 25/25 MP: 2/2
   490 | D:1      | Reached skill level 4 in Stealth
   651 | D:1      | Reached XP level 3. HP: 30/30 MP: 3/3
  1294 | D:2      | Found a deep blue altar of Sif Muna.
  1427 | D:2      | Reached XP level 4. HP: 37/37 MP: 4/4
  1654 | D:3      | Noticed a bullfrog
  1661 | D:3      | Killed a bullfrog
  1661 | D:3      | Reached XP level 5. HP: 45/45 MP: 5/5
  1820 | D:3      | Noticed Jessica
  2158 | D:3      | Killed Jessica
  2158 | D:3      | Reached XP level 6. HP: 50/51 MP: 6/6
  2216 | D:3      | Reached skill level 5 in Stealth
  2223 | D:3      | Found a glowing drain.
  2242 | Sewer    | Entered a sewer
  2486 | D:4      | Found a burning altar of Makhleb.
  2486 | D:4      | Noticed a blizzard demon
  2650 | D:4      | Your scales start taking on a fiery red colour.
  2650 | D:4      | Reached XP level 7. HP: 56/58 MP: 7/7
  2650 | D:4      | Gained mutation: Your flesh is heat resistant. (rF+) [Red
                  | Draconian growth]
  2698 | D:4      | Found a sand-covered staircase.
  2704 | Ossuary  | Entered an ossuary
  2704 | Ossuary  | Noticed a wraith
  2704 | Ossuary  | Noticed a wraith
  2704 | Ossuary  | Noticed a wraith
  3084 | Ossuary  | Noticed a wraith
  3095 | Ossuary  | Killed a wraith
  3741 | D:4      | Found a white marble altar of Elyvilon.
  3862 | D:5      | Entered Level 5 of the Dungeon
  3863 | D:5      | Reached skill level 5 in Short Blades
  3925 | D:5      | Reached skill level 6 in Stealth
  4053 | D:5      | Reached XP level 8. HP: 67/67 MP: 8/8
  4329 | D:5      | Noticed a hippogriff
  4338 | D:5      | Killed a hippogriff
  4595 | D:5      | Found a runed door.
  4599 | D:5      | Noticed Crazy Yiuf
  4603 | D:5      | Killed Crazy Yiuf
  4895 | D:6      | Reached skill level 5 in Fighting
  4970 | D:6      | Reached skill level 7 in Stealth
  5126 | D:6      | Found a staircase to the Ecumenical Temple.
  5211 | D:6      | Reached XP level 9. HP: 52/74 MP: 9/9
  5305 | D:6      | Found a blossoming altar of Fedhas.
  5360 | Temple   | Entered the Ecumenical Temple
  5394 | Temple   | Became a worshipper of Ru the Awakened
  5433 | D:7      | Noticed Harold
  5447 | D:7      | Killed Harold
  5497 | D:7      | Reached skill level 8 in Stealth
  6352 | D:7      | Reached skill level 5 in Throwing
  6522 | D:7      | Found a snail-covered altar of Cheibriados.
  6740 | D:8      | Gained mutation: You cannot study or use magical devices.
                  | [Ru sacrifice]
  6740 | D:8      | Reached * piety under Ru
  6740 | D:8      | Reached ** piety under Ru
  6754 | D:8      | Noticed Psyche
  6765 | D:8      | Killed Psyche
  6765 | D:8      | Reached XP level 10. HP: 74/84 MP: 10/10
  6898 | D:8      | Reached skill level 5 in Dodging
  6971 | D:8      | Found a stormy altar of Qazlal.
  6972 | D:8      | Noticed Maurice
  7321 | D:9      | Found Noapn's Armour Emporium.
  7322 | D:9      | Found a staircase to the Orcish Mines.
  7685 | D:9      | Found an opulent altar of Gozag.
  7707 | D:9      | Found an iron altar of Okawaru.
  7707 | D:9      | Found a hazy altar of Hepliaklqana.
  7765 | D:9      | Reached skill level 9 in Stealth
  7974 | D:9      | Found Gaenosh's Antique Armour Boutique.
  8474 | D:9      | Found a shimmering altar of Xom.
  8516 | D:9      | Found a glowing golden altar of the Shining One.
  8682 | D:10     | Entered Level 10 of the Dungeon
  9681 | D:11     | Noticed a cyclops
  9692 | D:11     | Killed a cyclops
  9692 | D:11     | Reached XP level 11. HP: 11/92 MP: 11/11
 10022 | D:11     | Noticed an unseen horror
 10126 | D:11     | Killed Maurice
 10126 | D:11     | Reached skill level 10 in Stealth
 10357 | D:11     | Noticed an oklob plant
 10368 | D:11     | Found a staircase to the Lair.
 10371 | D:11     | Killed an oklob plant
 10474 | D:11     | Killed an unseen horror
 10803 | D:11     | Noticed a two-headed ogre
 10821 | D:11     | Killed a two-headed ogre
 11003 | D:12     | Reached skill level 10 in Short Blades
 11035 | D:12     | You fall through a shaft for 3 floors!
 11035 | D:15     | Entered Level 15 of the Dungeon
 11054 | D:15     | Found the +7 captain's cutlass {speed, disarm}
 11054 | D:15     | Noticed a two-headed ogre
 11055 | D:15     | Noticed an unseen horror
 11067 | D:15     | Killed an unseen horror
 11215 | D:15     | Noticed a centaur warrior
 11424 | D:15     | HP: 4/94 [centaur warrior/arrow (13)]
 11920 | D:15     | Killed a centaur warrior
 12080 | D:15     | Noticed Roxanne
 12243 | D:13     | Noticed a two-headed ogre
 12256 | D:13     | Killed a two-headed ogre
 12256 | D:13     | Reached skill level 11 in Stealth
 12718 | D:11     | Reached XP level 12. HP: 42/103 MP: 12/12
 13591 | Lair:1   | Entered Level 1 of the Lair of Beasts
 13991 | Lair:1   | Reached skill level 1 in Shields
 14223 | Lair:2   | Reached XP level 13. HP: 113/113 MP: 13/13
 14375 | Lair:2   | Reached skill level 12 in Stealth
 14412 | Lair:2   | Found a frozen archway.
 14424 | IceCv    | Entered an ice cave
 14598 | IceCv    | Reached skill level 10 in Fighting
 15411 | IceCv    | Noticed a frost giant
 15438 | IceCv    | Killed a frost giant
 15493 | IceCv    | Reached XP level 14. HP: 43/122 MP: 14/14
 15528 | IceCv    | Got a pitted great sword
 16423 | Lair:2   | Found a staircase to the Swamp.
 16761 | Lair:3   | Found a staircase to the Snake Pit.
 19753 | Lair:5   | Reached skill level 13 in Stealth
 19778 | Lair:5   | Gained mutation: You are dopey. (Int -2) [Ru sacrifice]
 20423 | Lair:6   | Entered Level 6 of the Lair of Beasts
 21182 | Lair:6   | Found a shadowy altar of Dithmenos.
 21254 | Lair:6   | Reached skill level 10 in Throwing
 21514 | Lair:6   | Found a staircase to the Slime Pits.
 21873 | Lair:6   | Reached XP level 15. HP: 107/132 MP: 15/15
 21946 | Lair:5   | Reached skill level 10 in Dodging
 22569 | Lair:6   | Got a polished long sword
 22575 | Lair:6   | Identified the +6 long sword "Cueryst" {vamp, Str+5} (You
                  | found it on level 6 of the Lair of Beasts)
 22581 | Lair:6   | Identified the +7 great sword "Thing" {elec, *Noise Dex+2
                  | Stlth+} (You found it in an ice cave)
 22958 | Orc:1    | Entered Level 1 of the Orcish Mines
 22969 | Orc:1    | Gained mutation: You are somewhat inexperienced. (-2 XL)
                  | [Ru sacrifice]
 22969 | Orc:1    | Reached XP level 14. HP: 126/126 MP: 14/14
 22969 | Orc:1    | Reached XP level 13. HP: 118/118 MP: 13/13
 22969 | Orc:1    | Reached *** piety under Ru
 22969 | Orc:1    | Reached **** piety under Ru
 22969 | Orc:1    | Reached ***** piety under Ru
 23114 | Orc:1    | Found Voraggeups's Distillery.
 23122 | Orc:1    | Bought a potion of curing for 51 gold pieces
 23151 | Orc:1    | Paralysed by an orc sorcerer for 4 turns
 23371 | Orc:2    | Entered Level 2 of the Orcish Mines
 23381 | Orc:2    | Found Ludephuc's Jewellery Shoppe.
 23390 | Orc:2    | Paralysed by an orc sorcerer for 3 turns
 23619 | Orc:2    | Found a staircase to the Elven Halls.
 23812 | Orc:2    | Found Oxeufer's Weapon Boutique.
 23813 | Orc:2    | Paralysed by an orc sorcerer for 6 turns
 24773 | Orc:2    | Found Modecehe's Armour Shoppe.
 24802 | Orc:2    | Found Cim Viun's Antique Weapon Shoppe.
 24885 | Orc:2    | Found Fekoil's Armour Boutique.
 25162 | Orc:2    | Bought the amulet of Fedhas's Whim {+Rage rF++ SInv} for
                  | 824 gold pieces
 25162 | Orc:2    | Bought the ring "Robbif" {rC+ EV+4 Str-2 Slay+2} for 650
                  | gold pieces
 25695 | D:13     | Found a runed door.
 25840 | D:13     | Noticed a lich
 25841 | D:13     | Noticed mandick's ghost (journeyman DEIE)
 25843 | D:13     | Found a runed door.
 26086 | D:13     | Reached skill level 14 in Stealth
 26086 | D:13     | Reached XP level 14. HP: 100/127 MP: 14/14
 26322 | D:14     | Found a gate to the Vaults.
 27237 | D:14     | Found a sacrificial altar of Ru.
 27787 | D:15     | Noticed a ghost moth
 27814 | D:15     | Killed a ghost moth
 28282 | D:15     | Found a staircase to the Depths.
 28765 | Elf:1    | Entered Level 1 of the Elven Halls
 29687 | Elf:1    | Reached XP level 15. HP: 110/136 MP: 15/15
 30646 | Elf:1    | Identified the Almanac of Black Arts
 30879 | Elf:2    | Found a runed gate.
 30880 | Elf:2    | Found a runed gate.
 30897 | Elf:2    | Found a runed gate.
 30909 | Elf:2    | Reached skill level 15 in Stealth
 31857 | Elf:3    | Entered Level 3 of the Elven Halls
 32514 | Elf:3    | Reached skill level 15 in Short Blades
 32780 | Elf:3    | Noticed a deep elf blademaster
 32795 | Elf:3    | Killed a deep elf blademaster
 33037 | Elf:3    | Reached XP level 16. HP: 118/147 MP: 16/16
 33176 | Elf:3    | Gained mutation: You cannot study or cast Ice magic. [Ru
                  | sacrifice]
 33176 | Elf:3    | Gained mutation: You cannot study or cast Necromancy magic.
                  | [Ru sacrifice]
 33176 | Elf:3    | Gained mutation: You cannot study or cast Charms magic. [Ru
                  | sacrifice]
 33238 | Elf:3    | Noticed a deep elf blademaster
 33818 | Elf:3    | Killed a deep elf blademaster
 33992 | Elf:3    | Noticed a deep elf master archer
 34006 | Elf:3    | Killed a deep elf master archer
 34248 | Elf:3    | Identified the Disquisition on Cold
 34320 | Elf:3    | Reached skill level 15 in Fighting
 34431 | Elf:3    | Noticed a deep elf master archer
 34444 | Elf:3    | Killed a deep elf master archer
 34475 | Elf:3    | Got a smoking silver ring
 34480 | Elf:3    | Identified Sif Muna's Collected Works on Dusty
                  | Confrontation
 34493 | Elf:3    | Found the +0 Maxwell's etheric cage {RegenMP+ *Contam rElec
                  | MP+4}
 34572 | Elf:3    | Cast into level 2 of the Abyss (a deep elf demonologist)
 34981 | Abyss:2  | Noticed a tentacled starspawn
 34995 | Abyss:2  | Killed a tentacled starspawn
 35050 | Elf:3    | Escaped the Abyss
 35353 | Elf:3    | Identified the ring "Buitwica" {rC+ MP+9 Slay+4} (You found
                  | it on level 3 of the Elven Halls)
 35574 | Snake:1  | Entered Level 1 of the Snake Pit
 35587 | Snake:1  | Found Woasmauw's Magic Scroll Shoppe.
 36103 | Snake:1  | Reached skill level 16 in Stealth
 36293 | Snake:1  | Gained mutation: You are hated by all. [Ru sacrifice]
 36293 | Snake:1  | Reached ****** piety under Ru
 37163 | Snake:2  | Identified a scroll of acquirement
 37165 | Snake:2  | Got a pair of brightly glowing boots
 37176 | Snake:2  | Identified the +2 pair of boots of Ocojociu {SInv Stlth+}
                  | (You acquired it on level 2 of the Snake Pit)
 37283 | Snake:2  | Reached XP level 17. HP: 112/156 MP: 17/17
 37476 | Snake:2  | Noticed Agnes
 37507 | Snake:2  | Killed Agnes
 37905 | Snake:2  | Found Keow's Antique Armour Shoppe.
 39818 | Snake:4  | Entered Level 4 of the Snake Pit
 41500 | Snake:4  | Noticed Kirke
 41530 | Snake:4  | Killed Kirke
 42074 | Snake:4  | Got a serpentine rune of Zot
 42362 | Swamp:1  | Entered Level 1 of the Swamp
 42560 | Swamp:1  | Reached XP level 18. HP: 168/168 MP: 18/18
 42703 | Swamp:1  | Reached skill level 17 in Stealth
 44376 | Swamp:4  | Entered Level 4 of the Swamp
 45849 | Swamp:4  | Got a decaying rune of Zot
 46431 | Vaults:1 | Entered Level 1 of the Vaults
 46784 | Vaults:1 | Reached XP level 19. HP: 133/177 MP: 19/19
 47209 | Vaults:1 | Reached skill level 15 in Dodging
 48334 | Vaults:2 | Reached skill level 18 in Stealth
 48555 | Vaults:2 | Learned a level 6 spell: Invisibility
 48558 | Vaults:2 | Learned a level 2 spell: Blink
 48710 | Vaults:2 | Reached skill level 1 in Spellcasting
 48710 | Vaults:2 | Reached skill level 1 in Hexes
 49093 | Vaults:2 | Found a staircase to the Crypt.
 49958 | Vaults:3 | Reached skill level 5 in Spellcasting
 49958 | Vaults:3 | Reached skill level 5 in Hexes
 50309 | Vaults:3 | Noticed Frederick
 50333 | Vaults:3 | Killed Frederick
 50358 | Vaults:3 | Found Ycoxoh's Armour Boutique.
 50416 | Vaults:3 | Found Taismewi's Magic Scroll Shop.
 50421 | Vaults:3 | Found a flickering gateway to a bazaar.
 50430 | Bazaar   | Entered a bazaar
 50653 | Bazaar   | Found Luekh's Distillery.
 50657 | Bazaar   | Bought a potion of berserk rage for 55 gold pieces
 50657 | Bazaar   | Bought a potion of heal wounds for 55 gold pieces
 50657 | Bazaar   | Bought a potion of heal wounds for 55 gold pieces
 50685 | Bazaar   | Found Honefrem's Distillery.
 50709 | Bazaar   | Found Hyohotyurph's Gadget Emporium.
 50737 | Bazaar   | Found Nenirch's Gadget Emporium.
 50808 | Vaults:3 | Bought a scroll of acquirement for 988 gold pieces
 50993 | Vaults:3 | Reached XP level 20. HP: 145/187 MP: 29/29
 51352 | Vaults:3 | Found a large runed door.
 51352 | Vaults:3 | Found a large runed door.
 51352 | Vaults:3 | Noticed Laibby's ghost (adept OpEE)
 51352 | Vaults:3 | Noticed Pyagrit's ghost (adept OgMo)
 51484 | Vaults:3 | Killed Laibby's ghost
 51549 | Vaults:3 | Killed Pyagrit's ghost
 51560 | Vaults:3 | Got a vibrating platinum ring
 51693 | Vaults:3 | Identified the ring "Giokevu" {rPois rF+ Slay+3} (You found
                  | it on level 3 of the Vaults)
 52315 | Vaults:4 | Noticed Mennas
 52328 | Vaults:4 | Killed Mennas
 52864 | Vaults:4 | Noticed Saint Roka
 52895 | Vaults:4 | Killed Saint Roka
 53454 | Vaults:4 | Found a portal to a secret trove of treasure.
 54156 | Vaults:4 | Paralysed by an orc sorcerer for 7 turns
 54295 | Vaults:4 | Reached skill level 10 in Spellcasting
 54295 | Vaults:4 | Reached skill level 10 in Hexes
 54739 | Vaults:4 | Reached XP level 21. HP: 188/193 MP: 35/35
 55046 | Depths:1 | Entered Level 1 of the Depths
 55190 | Depths:1 | Found Neufugot's Armour Shoppe.
 55190 | Depths:1 | Noticed a juggernaut
 55195 | Depths:1 | Killed a juggernaut
 55255 | Depths:1 | Found a glowing golden altar of the Shining One.
 55780 | Depths:1 | Found the +12 Vampire's Tooth {vamp}
 55905 | Depths:1 | Found a runed gate.
 55905 | Depths:1 | Found a runed gate.
 55906 | Depths:1 | Found a runed gate.
 55907 | Depths:1 | Noticed Elum's ghost (veteran MiBe)
 55941 | Depths:1 | Found a gateway to Hell.
 56092 | Depths:1 | Found a one-way gate leading to the halls of Pandemonium.
 56223 | Depths:2 | manon: Nice dagger :-)
 56223 | Depths:2 | namelastname112: yeah
 56696 | Depths:2 | Found a stormy altar of Qazlal.
 56820 | Depths:2 | Noticed a caustic shrike
 56835 | Depths:2 | Killed a caustic shrike
 56866 | Depths:2 | namelastname112: kinda fucks up my blowgun tho
 56949 | Depths:2 | manon: true
 57145 | Depths:2 | manon: but do you need the blowgun now? :-)
 57201 | Depths:2 | namelastname112: i wll
 57201 | Depths:2 | namelastname112: will*
 57207 | Depths:2 | Noticed a golden dragon
 57218 | Depths:2 | a golden dragon changed into an acid blob
 57228 | Depths:2 | manon: *nod*
 57679 | Depths:2 | Noticed a juggernaut
 57679 | Depths:2 | Noticed a juggernaut
 57713 | Depths:2 | Demolished by a juggernaut

Vault maps used:
D:1:      lightli_arrival_statue_moat
D:2:      led_sif_pool, minmay_nonomino_d4
D:3:      cheibrodos_sewer_entry_bend, uniq_jessica
D:4:      makhleb_altar_promises_db, kennysheep_little_box, first_ration,
          nicolae_ossuary_entry_plus
D:5:      uniq_crazy_yiuf_cottage
D:6:      fedhas_altar_4, minmay_temple_entry_hall, grunt_ministairs_15,
          minmay_gold_behind_fungi
D:7:      cheibriados_altar_1, uniq_harold
D:8:      grunt_qazlal_sundering, uniq_maurice, uniq_psyche
D:9:      marbit_many_paths, kennysheep_mini_moat,
          chequers_temple_overflow_statue_of_worship, orc_david_3, serial_shops,
          shop, basic_altar, grunt_ministairs_12
D:10:     kennysheep_potato
D:11:     dpeg_oklobed_lair
D:13:     muffindrake_ghost_dual_entry
D:14:     grunt_vaults_entry_tiered, nicolae_ru_path_of_blood, grunt_livestock
D:15:     grunt_enter_depths_magical_seal, serial_park_tiny_1, uniq_roxanne
Temple:   nicolae_temple_hex_pool
Lair:2:   nicolae_swamp_entry_splash_gauntlet, portal_ice_cave_rime,
          minmay_stone_trees_medium
Lair:3:   minmay_snake_entry_guardpost_small, serial_bayou_shore_a,
          serial_bayou_shore_b, infiniplex_staircase_pool_2, lemuel_fruit_fields
Lair:4:   lemuel_fruit_fields, serial_bayou_shore_b
Lair:5:   grunt_megastairs_4
Lair:6:   evilmike_catoblepas_cave, nicolae_slime_entry_slimehenge, basic_altar,
          nicolae_lair_grove_arrangements
Swamp:1:  serial_swamp_ruin, evilmike_swamp_ruin_rubble_1,
          evilmike_swamp_ruin_rubble_2, swamp_pool3
Swamp:2:  evilmike_swamp_ruin_house_3, swamp_pool3, infiniplex_staircase_pool
Swamp:3:  nicolae_swamp_orc_logging_accident
Swamp:4:  swamp_vile, nicolae_swamp_necromancer_hut
Snake:1:  serial_shops, nicolae_shop_waterfront
Snake:2:  serial_shops, shop, serial_bayou_lagoon_a, uniq_agnes
Snake:3:  spider_trap, grunt_ministairs_10
Snake:4:  minmay_snake_end_coiled, serial_bayou_pond_a, uniq_kirke
Orc:1:    serial_shops, shop
Orc:2:    st_orc_elflike, serial_shops, shop
Elf:1:    minmay_elf_necromancy
Elf:2:    spider_trap, uniq_asterion
Elf:3:    grunt_elf_hall_diamonds
Vaults:1: v_alt_pattern_6, nicolae_vaults_windows_and_doors_thing,
          hangedman_vaults_stretched_pinwheel, v_pattern_3,
          hangedman_vaults_locks, nicolae_vaults_little_ls,
          ontoclasm_vaults_shout, hangedman_vaults_maws
Vaults:2: minmay_crypt_entry_simple_box, nicolae_vaults_three_branches,
          nicolae_vaults_big_ls, vaults_room_door_ring
Vaults:3: advil_vaults_ghost_guards, nicolae_vaults_minivaults,
          nicolae_vaults_specimen_jars, v_misc_22,
          nicolae_vaults_twisting_passages, nicolae_vaults_yaktaur_gun_rack,
          hangedman_vaults_capsules, nicolae_vaults_little_squares_4,
          vaults_dpeg_hooks, nicolae_vaults_little_squares_3,
          hangedman_vaults_river_flow, serial_shops, freezing_bzr, shop, shop,
          uniq_frederick
Vaults:4: ontoclasm_vaults_ligature, v_misc_12, ontoclasm_vaults_shuriken,
          v_misc_3, vaults_dpeg_ring, stair_cage_open,
          vaults_room_guarded_vault, hangedman_vaults_unwind,
          ontoclasm_vaults_fault, v_misc_25, hangedman_vaults_maws,
          vaults_room_grid, enter_trove_5, uniq_saint_roka, uniq_mennas
Depths:1: serial_shops, shop, grunt_pan_entry_in_and_out, basic_altar,
          serial_sigils, serial_sigils_hangedman_etch,
          serial_sigils_hangedman_snap, serial_sigils_hangedman_gut,
          serial_sigils_hangedman_stare, serial_sigils_hangedman_gut,
          pf_coc_iceberg, ebering_ghost_rock_garden, minivault_1,
          minmay_guarded_unrand_vampires_tooth
Depths:2: minmay_the_grid_ultimate, abyss_entry, hell_entry
Bazaar:   dpeg_bazaar_wands
Sewer:    sewer_the_crocodile
Ossuary:  ossuary_due_mausoleum
IceCv:    ice_cave_caverns_01

Skill      XL: |  1  2  3  4  5  6  7  8  9 10 11 12 13 14 15 16 17 18 19 20 21 |
---------------+----------------------------------------------------------------+-----
Dodging        | 1 2 3 4 5 6 7 8 11 12 13 14 15 | 15.2
Throwing       | 2 3 4 5 6 7 8 10 | 10.6
Stealth        | 4 5 6 7 8 9 11 14 13 15 16 17 18 | 18.0
Fighting       | 3 4 5 6 7 8 9 10 13 14 15 16 17 | 17.8
Short Blades   | 3 4 5 6 8 9 10 11 12 14 15 16 17 | 17.7
Shields        | 3 4 |  4.0
Spellcasting   | 6 10 12 | 12.9
Hexes          | 6 10 12 | 12.9

Action                   |  1- 3 |  4- 6 |  7- 9 | 10-12 | 13-15 | 16-18 | 19-21 || total
-------------------------+-------+-------+-------+-------+-------+-------+-------++-------
Melee: Dagger            |    84 |   147 |   242 |       |       |       |       ||   473
       Tailslap          |    11 |    23 |    67 |    86 |   439 |   370 |   492 ||  1488
       Trident           |       |       |   168 |   447 |       |       |       ||   615
       Cutlass           |       |       |       |   255 |  2599 |  2109 |  1654 ||  6617
       Quick blade       |       |       |       |       |       |       |   689 ||   689
 Fire: Blowgun           |    13 |       |       |       |       |     1 |     4 ||    18
Throw: Throwing net      |       |       |       |       |       |       |     1 ||     1
Invok: Sacrifice Artific |       |       |     1 |       |       |       |       ||     1
       Reject Sacrifices |       |       |       |     2 |       |       |       ||     2
       Sacrifice Experie |       |       |       |       |     1 |       |       ||     1
       Sacrifice Purity  |       |       |       |       |     1 |       |       ||     1
       Draw Out Power    |       |       |       |       |       |     1 |     5 ||     6
       Sacrifice Love    |       |       |       |       |       |     1 |       ||     1
       Sacrifice Arcana  |       |       |       |       |       |     1 |       ||     1
       Apocalypse        |       |       |       |       |       |     2 |     3 ||     5
 Abil: Breathe Fire      |       |       |     5 |    13 |    22 |     1 |     3 ||    44
  Use: Scroll            |     4 |       |     9 |    16 |    11 |    10 |    11 ||    61
       Potion            |       |       |       |     8 |     2 |       |     4 ||    14
 Stab: Sleeping          |    11 |     5 |     8 |    26 |    78 |    43 |    50 ||   221
       Distracted        |       |       |     3 |     9 |    13 |    19 |    16 ||    60
       Invisible         |       |       |       |     2 |    14 |    14 |    15 ||    45
       Paralysed         |       |       |       |       |       |     7 |     6 ||    13
       Held in net/web   |       |       |       |       |       |       |     3 ||     3
  Eat: Chunk             |     1 |     4 |    20 |    26 |    56 |     1 |    22 ||   130
       Ration            |       |       |     1 |     2 |     2 |    13 |     5 ||    23
Armor: Skin              |    34 |    45 |   158 |   199 |   287 |   163 |   143 ||  1029
Dodge: Dodged            |    55 |    70 |   322 |   444 |   857 |   788 |   750 ||  3286
Block: Buckler           |       |       |       |     6 |   252 |   168 |   216 ||   642

Table legend:
 A = Non-vault XP
 B = Vault XP
 C = Vault XP percentage of total XP
 D = Non-vault monster count
 E = Vault monster count
 F = Vault count percentage of total count
                 A         B        C        D         E       F
            +---------+---------+-------+---------+---------+-------
      Total |  407833 |  348765 |  46.1 |    1113 |     574 |  34.0
            +---------+---------+-------+---------+---------+-------
        D:1 |      43 |       0 |   0.0 |      18 |       0 |   0.0
        D:2 |      54 |       9 |  14.3 |      15 |       7 |  31.8
        D:3 |     274 |      47 |  14.6 |      31 |       3 |   8.8
        D:4 |     280 |       0 |   0.0 |       7 |       0 |   0.0
        D:5 |     902 |      42 |   4.4 |      30 |       1 |   3.2
        D:6 |     661 |     124 |  15.8 |      11 |       1 |   8.3
        D:7 |    1101 |     992 |  47.4 |      20 |       1 |   4.8
        D:8 |     896 |     404 |  31.1 |      23 |       1 |   4.2
        D:9 |    2250 |     303 |  11.9 |      39 |       7 |  15.2
       D:10 |    1238 |     458 |  27.0 |      21 |       4 |  16.0
       D:11 |    5428 |     999 |  15.5 |      36 |       2 |   5.3
       D:12 |    4848 |       0 |   0.0 |      37 |       0 |   0.0
       D:13 |   10282 |       0 |   0.0 |      34 |       0 |   0.0
       D:14 |    5446 |    9262 |  63.0 |      21 |      30 |  58.8
       D:15 |    8839 |    3763 |  29.9 |      26 |       8 |  23.5
     Lair:1 |    2341 |       0 |   0.0 |      12 |       0 |   0.0
     Lair:2 |    3804 |    1508 |  28.4 |      21 |       7 |  25.0
     Lair:3 |    2277 |     633 |  21.8 |      11 |       4 |  26.7
     Lair:4 |   10101 |       0 |   0.0 |      23 |       0 |   0.0
     Lair:5 |    8933 |     944 |   9.6 |      28 |       2 |   6.7
     Lair:6 |   11325 |   11423 |  50.2 |      40 |      26 |  39.4
    Swamp:1 |   13039 |       0 |   0.0 |      25 |       0 |   0.0
    Swamp:2 |    7518 |       0 |   0.0 |      21 |       0 |   0.0
    Swamp:3 |    8789 |       0 |   0.0 |      20 |       0 |   0.0
    Swamp:4 |   13798 |   20458 |  59.7 |      31 |      37 |  54.4
    Snake:1 |   14394 |       0 |   0.0 |      28 |       0 |   0.0
    Snake:2 |   16933 |    2135 |  11.2 |      30 |       1 |   3.2
    Snake:3 |   13478 |     444 |   3.2 |      30 |       1 |   3.2
    Snake:4 |   21772 |   23362 |  51.8 |      37 |      43 |  53.8
      Orc:1 |    2468 |       0 |   0.0 |      21 |       0 |   0.0
      Orc:2 |    2268 |    8384 |  78.7 |      16 |      24 |  60.0
      Elf:1 |   23204 |    4335 |  15.7 |      40 |       8 |  16.7
      Elf:2 |   17021 |    1826 |   9.7 |      35 |       2 |   5.4
      Elf:3 |   16660 |   31617 |  65.5 |      27 |      21 |  43.8
   Vaults:1 |   33488 |   21443 |  39.0 |      59 |      34 |  36.6
   Vaults:2 |   25666 |   22167 |  46.3 |      42 |      32 |  43.2
   Vaults:3 |   14345 |   41493 |  74.3 |      27 |      44 |  62.0
   Vaults:4 |   44962 |   37735 |  45.6 |      72 |      41 |  36.3
   Depths:1 |   26153 |   12716 |  32.7 |      28 |      22 |  44.0
   Depths:2 |       0 |   75484 | 100.0 |       0 |      76 | 100.0
    Abyss:2 |   10554 |       0 |   0.0 |      20 |       0 |   0.0
      Sewer |       0 |     117 | 100.0 |       0 |       6 | 100.0
    Ossuary |       0 |     254 | 100.0 |       0 |      26 | 100.0
      IceCv |       0 |   13884 | 100.0 |       0 |      52 | 100.0
            +---------+---------+-------+---------+---------+-------
